 Dungeon Crawl Stone Soup version 0.29.0-4-gdea44cf6ec (webtiles) character file.

Game seed: 5582425210539320508

655 qw the Grappler (level 7, -1/67 HPs)
             Began as a Troll Cinder Acolyte on Sept 2, 2022.
             Was an Elder of Ignis.
             Slain by an orc
             ... wielding a +0 long sword
              (5 damage)
             ... on level 4 of the Dungeon.
             The game lasted 00:01:49 (3565 turns).

qw the Grappler (Troll Cinder Acolyte)              Turns: 3565, Time: 00:01:49

Health: -1/67      AC: 12    Str: 25    XL:     7   Next: 29%
Magic:  7/7        EV:  9    Int: 12    God:    Ignis [****..]
Gold:   219        SH:  5    Dex:  5    Spells: 8/8 levels left

rFire   + . .      SeeInvis +     - Unarmed
rCold   . . .      Faith    .   (no shield)
rNeg    . . .      Spirit   .   a - +0 robe
rPois   .          Reflect  +   (helmet restricted)
rElec   +          Harm     .   b - +0 cloak
rCorr   .          Rampage  .   (gloves unavailable)
Will    .....                   (boots unavailable)
Stlth   +.........              k - amulet of reflection
HPRegen 1.01/turn               n - ring "Ego Juce" {*Slow rElec Int+2 SInv}
MPRegen 0.10/turn               (no ring)

@: lethally poisoned (-1 -> -6), about to teleport, fiery-armoured
A: large, unfitting armour, claws 3, regeneration 1, shaggy fur 1, tough skin 1
a: Renounce Religion, Fiery Armour, Foxfire Swarm, Rising Flame


You were on level 4 of the Dungeon.
You worshipped Ignis.
Ignis was greatly pleased with you.
You visited 1 branch of the dungeon, and saw 4 of its levels.

You collected 219 gold pieces.


Innate Abilities, Weirdness & Mutations

You are too large for most types of armour.
You have claws for hands.
Your natural rate of healing is unusually fast.
You are covered in fur. (AC +1)
You have tough skin. (AC +1)


   Skills:
 - Level 3.5 Fighting
 + Level 8.0 Unarmed Combat
 - Level 1.0 Spellcasting
 - Level 2.1 Fire Magic


You had 8 spell levels left.
You didn't know any spells.
Your spell library contained the following spells:

 Spells                   Type           Power      Damage    Failure   Level
 Scorch                   Fire           10%        2d6       19%         2

Inventory:

Armour
 a - a +0 robe (worn)
 b - a +0 cloak (worn)
Jewellery
 k - an amulet of reflection (around neck)
 n - the ring "Ego Juce" (left claw) {*Slow rElec Int+2 SInv}
   (You found it on level 3 of the Dungeon)

   [ring of see invisible]

   Int:       It affects your intelligence (+2).
   rElec:     It insulates you from electricity.
   SInv:      It lets you see invisible.
   *Slow:     It may slow you when you take damage.
Scrolls
 g - 3 scrolls of identify
Potions
 c - 2 potions of curing
 f - a potion of berserk rage {unknown}
 i - a potion of heal wounds {unknown}
 j - a potion of invisibility {unknown}
 l - a potion of degeneration {unknown}
 o - a potion of might {unknown}
 p - a potion of mutation {unknown}
 q - a potion of lignification {unknown}

Dungeon Overview and Level Annotations

Branches:
Dungeon (4/15)
 Temple: D:4-7

Altars:


Message History

The orc warrior is heavily wounded.
The orc warrior closely misses you. The orc wizard barely misses you.
You closely miss the orc warrior.
The orc warrior is heavily wounded.
The orc warrior hits you with a +0 trident of venom!!
You are poisoned.
The orc wizard hits you with a +0 mace.
3561 ||| INVOKING Fiery Armour.
A protective cloak of flame settles atop you.
You feel very sick. The orc warrior closely misses you.
The orc wizard hits you but does no damage.
The orc wizard is burned by your cloak of flames.
The orc wizard is moderately wounded.
You barely miss the orc warrior.
The orc warrior is heavily wounded.
You feel very sick.
You scratch the orc warrior but do no damage.
You claw the orc warrior!
The orc warrior is almost dead.
You feel sick.
The orc warrior hits you with a +0 trident of venom!
You are more poisoned.
The orc warrior is burned by your cloak of flames.
You kill the orc warrior!
The orc wizard points at you and mumbles some strange words.
You resist with some effort.
Your Fighting skill increases to level 3!
3564 ||| READING scroll of teleportation.
As you read the scroll of teleportation, it crumbles to dust.
You feel strangely unstable.
You feel very sick.
You miss the orc wizard.
The orc wizard is moderately wounded.
You feel very sick. The orc wizard hits you with a +0 mace.
The orc wizard is burned by your cloak of flames.
The orc wizard is moderately wounded.
The orc hits you with a +0 long sword.
You die...

#.# #.#
#.# #.#
#)# #.#
#.# #.#
#@#
.....ooo#
..#######


You could see an orc wizard (invisible) and 2 orcs.

Vanquished Creatures
  Menkaure (D:4)
  An orc warrior (D:4)
  An ogre (D:4)
  A necrophage (D:4)
  A hound (D:3)
  Ijyb (D:3)
  2 iguanas (D:4)
  3 gnolls (D:3)
  6 adders
  2 river rats (D:3)
  4 worms
  2 dart slugs
  An orc (D:3)
  5 ball pythons
  3 bats
  9 endoplasms
  2 giant cockroaches
  5 goblins
  3 hobgoblins
  12 jackals
  5 quokkas
  3 frilled lizards
  4 kobolds
  5 rats
82 creatures vanquished.

Notes
Turn   | Place    | Note
-------+----------+-------------------------------------------
     0 | D:1      | qw the Troll Cinder Acolyte began the quest for the Orb.
     0 | D:1      | Reached XP level 1. HP: 22/22 MP: 1/1
     0 | D:1      | 0 ||| qw: Version: 0.1-a-97-g2dd2ca4
     0 | D:1      | 0 ||| qw: Game counter: 4919
     0 | D:1      | 0 ||| qw: Always use a shield: true
     0 | D:1      | 0 ||| qw: God list: Okawaru
     0 | D:1      | 0 ||| qw: Allow faded altars: false
     0 | D:1      | 0 ||| qw: Do Orc after D:15 true
     0 | D:1      | 0 ||| qw: Do second Lair branch before Depths: true
     0 | D:1      | 0 ||| qw: Lair rune preference: random
     0 | D:1      | 0 ||| qw: Plans: Normal
     0 | D:1      | 0 ||| PLANNING D:1-11
   116 | D:1      | Reached XP level 2. HP: 27/29 MP: 2/2
   116 | D:1      | 116 ||| Stepping ~*~*~tactically~*~*~ (stealth).
   146 | D:1      | Found a faded altar of an unknown god.
   196 | D:1      | 196 ||| Stepping ~*~*~tactically~*~*~ (stealth).
   240 | D:1      | 240 ||| Stepping ~*~*~tactically~*~*~ (outnumbered).
   248 | D:1      | Reached skill level 4 in Unarmed Combat
   435 | D:1      | 435 ||| Stepping ~*~*~tactically~*~*~ (stealth).
   437 | D:1      | 437 ||| Stepping ~*~*~tactically~*~*~ (hiding).
   443 | D:1      | Reached XP level 3. HP: 36/36 MP: 3/3
   762 | D:1      | 762 ||| UPGRADING to +0 cloak.
   767 | D:1      | 767 ||| READING scroll labelled HEPHOSTRUNLI.
   768 | D:1      | 768 ||| READING scroll labelled YFOK JYSTRA.
   869 | D:1      | 869 ||| READING scroll labelled DUICONOVUPT.
   874 | D:1      | 874 ||| DRINKING 2 clear potions.
  1436 | D:2      | 1436 ||| Stepping ~*~*~tactically~*~*~ (stealth).
  1441 | D:2      | 1441 ||| Stepping ~*~*~tactically~*~*~ (stealth).
  1442 | D:2      | 1442 ||| Stepping ~*~*~tactically~*~*~ (stealth).
  1608 | D:2      | Reached skill level 5 in Unarmed Combat
  1608 | D:2      | Reached XP level 4. HP: 44/44 MP: 4/4
  1665 | D:2      | 1665 ||| Stepping ~*~*~tactically~*~*~ (stealth).
  1805 | D:2      | 1805 ||| Stepping ~*~*~tactically~*~*~ (hiding).
  1806 | D:2      | 1806 ||| Stepping ~*~*~tactically~*~*~ (hiding).
  1829 | D:2      | 1829 ||| UPGRADING to amulet of reflection.
  1834 | D:2      | 1834 ||| READING scroll labelled GOTUAR WUTWELL.
  1835 | D:2      | 1835 ||| READING scroll labelled JOL PAUGRU.
  1836 | D:2      | 1836 ||| READING scroll labelled LUGOUCECZONAJE.
  1874 | D:3      | 1874 ||| PLANNING SEWER
  1896 | D:3      | 1896 ||| Stepping ~*~*~tactically~*~*~ (stealth).
  1945 | D:3      | 1945 ||| Stepping ~*~*~tactically~*~*~ (hiding).
  1947 | D:3      | 1947 ||| INVOKING Fiery Armour.
  1955 | D:3      | 1955 ||| FLEEEEING.
  1956 | D:3      | 1956 ||| FLEEEEING.
  1957 | D:3      | 1957 ||| FLEEEEING.
  1958 | D:3      | 1958 ||| FLEEEEING.
  1959 | D:3      | 1959 ||| FLEEEEING.
  1960 | D:3      | 1960 ||| FLEEEEING.
  1961 | D:3      | 1961 ||| FLEEEEING.
  1962 | D:3      | 1962 ||| FLEEEEING.
  2052 | D:3      | Identified the ring "Ego Juce" {*Slow rElec Int+2 SInv}
  2130 | D:3      | Noticed Ijyb
  2131 | D:3      | 2131 ||| Stepping ~*~*~tactically~*~*~ (hiding).
  2132 | D:3      | 2132 ||| Stepping ~*~*~tactically~*~*~ (hiding).
  2151 | D:3      | Killed Ijyb
  2152 | D:3      | Reached XP level 5. HP: 43/50 MP: 5/5
  2394 | D:3      | Reached skill level 6 in Unarmed Combat
  2447 | D:3      | 2447 ||| Stepping ~*~*~tactically~*~*~ (stealth).
  2593 | D:3      | 2593 ||| RIP SEWER
  2600 | D:3      | 2600 ||| PLANNING D:1-11
  2608 | D:3      | 2608 ||| Stepping ~*~*~tactically~*~*~ (stealth).
  2613 | D:3      | 2613 ||| Stepping ~*~*~tactically~*~*~ (stealth).
  2615 | D:3      | 2615 ||| Stepping ~*~*~tactically~*~*~ (stealth).
  2966 | D:3      | 2966 ||| UPGRADING to ring "Ego Juce" {*Slow rElec Int+2
                  | SInv}.
  2967 | D:3      | 2967 ||| READING 2 scrolls labelled ZULUAJ CUZEY.
  2968 | D:3      | 2968 ||| READING 2 scrolls labelled ITIOPS ITOZ.
  2969 | D:3      | 2969 ||| READING scroll labelled ICZYUC NUNIA.
  2970 | D:3      | 2970 ||| READING scroll labelled ENOFRI ZILOMAR.
  2971 | D:3      | 2971 ||| DRINKING 2 murky amethyst potions.
  2972 | D:3      | 2972 ||| READING 2 scrolls of identify.
  2972 | D:3      | 2972 ||| IDENTIFYING sedimented emerald potion
  2973 | D:3      | 2973 ||| DROPPING potion of flight.
  2974 | D:3      | 2974 ||| DROPPING potion of brilliance.
  2975 | D:3      | 2975 ||| DROPPING scroll of vulnerability.
  2976 | D:3      | 2976 ||| DROPPING scroll of poison.
  2977 | D:3      | 2977 ||| READING scroll of teleportation.
  3069 | D:4      | Noticed an ogre
  3081 | D:4      | 3081 ||| INVOKING Fiery Armour.
  3085 | D:4      | Killed an ogre
  3086 | D:4      | Reached skill level 7 in Unarmed Combat
  3086 | D:4      | Reached XP level 6. HP: 35/59 MP: 6/6
  3245 | D:4      | Noticed Menkaure
  3246 | D:4      | 3246 ||| Stepping ~*~*~tactically~*~*~ (hiding).
  3253 | D:4      | 3253 ||| INVOKING Fiery Armour.
  3254 | D:4      | Killed Menkaure
  3362 | D:4      | Reached skill level 8 in Unarmed Combat
  3420 | D:4      | Reached XP level 7. HP: 65/66 MP: 7/7
  3544 | D:4      | 3544 ||| Stepping ~*~*~tactically~*~*~ (stealth).
  3546 | D:4      | 3546 ||| Stepping ~*~*~tactically~*~*~ (hiding).
  3558 | D:4      | 3558 ||| DRINKING 3 potions of curing.
  3558 | D:4      | 3558 ||| (to cure confusion)
  3561 | D:4      | 3561 ||| INVOKING Fiery Armour.
  3563 | D:4      | HP: 12/66 [orc warrior/+0 trident of venom (7)]
  3564 | D:4      | Reached skill level 3 in Fighting
  3564 | D:4      | 3564 ||| READING scroll of teleportation.
  3565 | D:4      | HP: 4/67 [orc wizard/+0 mace (3)]
  3565 | D:4      | Slain by an orc

Levels and vault maps discovered:
D:1:      kennysheep_arrival_seaside, layout_rooms,
          nicolae_ecumenical_lake_church
D:2:      layout_loops_corners, dreamdust_princess_corridor, minmay_tromino_v4_a
D:3:      layout_loops_corners, portal_sewer_entry_b, minmay_circle_x, uniq_ijyb
D:4:      layout_basic, uniq_menkaure

Skill      XL: |  1  2  3  4  5  6  7 |
---------------+----------------------+-----
Unarmed Combat | 4 5 7 8 |  8.0
Fighting       | 3 |  3.5
Spellcasting   | |  1.0
Fire Magic     | |  2.1

Action                   |  1- 3 |  4- 6 |  7- 9 || total
-------------------------+-------+-------+-------++-------
Melee: Unarmed           |    70 |   148 |    10 ||   228
       Punch             |     1 |     3 |     2 ||     6
Throw: Boomerang         |    16 |    17 |       ||    33
Invok: Fiery Armour      |       |     3 |     1 ||     4
  Use: Scroll            |     3 |     9 |     1 ||    13
       Potion            |     1 |     1 |     1 ||     3
Armor: Robe              |    17 |    33 |     2 ||    52
       Skin              |       |     4 |       ||     4
Dodge: Dodged            |    36 |    38 |     4 ||    78
Block: Other             |       |    33 |     3 ||    36
       Reflection        |       |     1 |       ||     1

Table legend:
 A = Non-vault XP
 B = Vault XP
 C = Vault XP percentage of total XP
 D = Non-vault monster count
 E = Vault monster count
 F = Vault count percentage of total count
                 A         B        C        D         E       F
            +---------+---------+-------+---------+---------+-------
      Total |     692 |     245 |  26.1 |      72 |      10 |  12.2
            +---------+---------+-------+---------+---------+-------
        D:1 |      44 |       0 |   0.0 |      24 |       0 |   0.0
        D:2 |      76 |       2 |   2.6 |      13 |       1 |   7.1
        D:3 |     141 |      71 |  33.5 |      21 |       8 |  27.6
        D:4 |     431 |     172 |  28.5 |      14 |       1 |   6.7
            +---------+---------+-------+---------+---------+-------
